AAA WEST
SALT LAKE BEES @ SUGAR LAND SKEETERS
06/04/2042
 
TOP OF THE 1ST
Salt Lake Bees batting - Pitching for Sugar Land Skeeters : RHP Ismael Rivera
Pitching: RHP Ismael Rivera
Batting: LHB Randy O'Day 0-0: SINGLE (Line Drive, 78S, EV 85.6 MPH)
Batting: RHB Danny Dodds 0-0: Ball
1-0: Called Strike
Randy O'Day steals 2nd base
1-1: 2-RUN HOME RUN (Flyball, 7D, EV 92.5 MPH), Distance : 356 ft
Batting: RHB Joe Poole 0-0: Called Strike
0-1: Foul Ball, location: 9LMF
0-2: Foul Ball, location: 2F
0-2: Ball
1-2: Strikes out looking
Batting: LHB Dan Powers 0-0: Called Strike
0-1: Swinging Strike
0-2: Foul Ball, location: 7LMF
0-2: Strikes out swinging
Batting: RHB António Martínez 0-0: Called Strike
0-1: Ball
1-1: Foul Ball, location: 2F
1-2: Fly out, F8 (Flyball, 8LD, EV 106.3 MPH)
Top of the 1st over - 2 runs, 2 hits, 0 errors, 0 left on base; Salt Lake 2 - Sugar Land 0
BOTTOM OF THE 1ST
Sugar Land Skeeters batting - Pitching for Salt Lake Bees : RHP Claude Perry
Pitching: RHP Claude Perry
Batting: RHB Sergio Verez 0-0: Called Strike
0-1: SINGLE (Line Drive, 89S, EV 102.5 MPH)
Batting: LHB Jorge Garza 0-0: Foul Ball, location: 7LDF
0-1: Ball
1-1: Ball
2-1: Ball
3-1: Called Strike
3-2: Fly out, F4 (Popup, 4, EV 66.9 MPH)
Batting: SHB Tomás Martínez 0-0: Ball
1-0: Called Strike
1-1: Called Strike
Sergio Verez is caught stealing 2nd base 2-6
1-2: Strikes out swinging
Bottom of the 1st over - 0 runs, 1 hit, 0 errors, 0 left on base; Salt Lake 2 - Sugar Land 0
TOP OF THE 2ND
Salt Lake Bees batting - Pitching for Sugar Land Skeeters : RHP Ismael Rivera
Batting: LHB Joe Taylor 0-0: Ball
1-0: Swinging Strike
1-1: Called Strike
1-2: Foul Ball, location: 7LSF
1-2: Strikes out swinging
Batting: LHB Chris Smith 0-0: Ball
1-0: Ball
2-0: Foul Ball, location: 7LMF
2-1: Ball
3-1: Fly out, F8 (Flyball, 78D, EV 81.3 MPH)
Batting: RHB António Gaona 0-0: Ball
1-0: Foul Ball, location: 9LSF
1-1: Ball
2-1: Ground out 6-3 (Groundball, 4M, EV 94.4 MPH)
Top of the 2nd over - 0 runs, 0 hits, 0 errors, 0 left on base; Salt Lake 2 - Sugar Land 0
BOTTOM OF THE 2ND
Sugar Land Skeeters batting - Pitching for Salt Lake Bees : RHP Claude Perry
Batting: LHB Phil Rose 0-0: Ball
1-0: Foul Ball, location: 7LMF
1-1: SINGLE (Groundball, 56D, EV 102.5 MPH)
Batting: RHB Thad Lane 0-0: Called Strike
0-1: Fly out, F7 (Line Drive, 7, EV 89.4 MPH)
Batting: LHB Tony Cardoza 0-0: Ball
1-0: SINGLE (Groundball, 4MD, EV 100.6 MPH)
Phil Rose to second
Batting: RHB Héctor López 0-0: Called Strike
0-1: Ball
1-1: Foul Ball, location: 3F
1-2: Foul Ball, location: 9LDF
1-2: Strikes out swinging
Batting: RHB Alfredo Araújo 0-0: Called Strike
0-1: Ball
1-1: Foul Ball, location: 9LMFF
1-2: Fielders Choice at 3rd, U5 (Groundball, 5, EV 84.4 MPH)
Bottom of the 2nd over - 0 runs, 2 hits, 0 errors, 1 left on base; Salt Lake 2 - Sugar Land 0
TOP OF THE 3RD
Salt Lake Bees batting - Pitching for Sugar Land Skeeters : RHP Ismael Rivera
Batting: RHB Phil Howard 0-0: Called Strike
0-1: Ball
1-1: Ball
2-1: Foul Ball, location: 9LDF
2-2: Ground out 6-3 (Groundball, 6S, EV 82.5 MPH)
Batting: LHB Randy O'Day 0-0: Ball
1-0: Ball
2-0: SINGLE (Groundball, 4MS, EV 71.3 MPH) (infield hit)
Batting: RHB Danny Dodds 0-0: Ball
Randy O'Day steals 2nd base
1-0: Ground out 5-3 (Groundball, 5, EV 102.5 MPH)
Batting: RHB Joe Poole 0-0: Ball
1-0: SINGLE (Flyball, 8RS, EV 91.9 MPH)
Randy O'Day to third
Runner from 3rd tries for Home, SAFE, throw by CF to home
Batting: LHB Dan Powers 0-0: Foul Ball, location: 2F
0-1: Called Strike
0-2: Ball
1-2: Fly out, F7 (Flyball, 7, EV 85.0 MPH)
Top of the 3rd over - 1 run, 2 hits, 0 errors, 1 left on base; Salt Lake 3 - Sugar Land 0
BOTTOM OF THE 3RD
Sugar Land Skeeters batting - Pitching for Salt Lake Bees : RHP Claude Perry
Batting: LHB Jeff Poole 0-0: Called Strike
0-1: Ball
1-1: Called Strike
1-2: DOUBLE (Line Drive, 7LM, EV 101.9 MPH)
Batting: RHB Sergio Verez 0-0: Called Strike
0-1: Ball
1-1: Called Strike
1-2: Ball
2-2: Strikes out looking
Batting: LHB Jorge Garza 0-0: Foul Ball, location: 7LSF
0-1: Swinging Strike
0-2: Hit by Pitch
Batting: SHB Tomás Martínez 0-0: Grounds into double play, 3-6-3 (Groundball, 34S, EV 76.9 MPH)
Bottom of the 3rd over - 0 runs, 1 hit, 0 errors, 1 left on base; Salt Lake 3 - Sugar Land 0
TOP OF THE 4TH
Salt Lake Bees batting - Pitching for Sugar Land Skeeters : RHP Ismael Rivera
Batting: RHB António Martínez 0-0: Called Strike
0-1: Swinging Strike
0-2: Foul Ball, location: 23F
0-2: Ground out 6-3 (Groundball, 6, EV 105.6 MPH)
Batting: LHB Joe Taylor 0-0: Fly out, F8 (Flyball, 8LD, EV 82.5 MPH)
Batting: LHB Chris Smith 0-0: Ball
1-0: Ball
2-0: Called Strike
2-1: Called Strike
2-2: Strikes out swinging
Top of the 4th over - 0 runs, 0 hits, 0 errors, 0 left on base; Salt Lake 3 - Sugar Land 0
BOTTOM OF THE 4TH
Sugar Land Skeeters batting - Pitching for Salt Lake Bees : RHP Claude Perry
Batting: LHB Phil Rose 0-0: Ball
1-0: Foul Ball, location: 5DF
1-1: Called Strike
1-2: Ball
2-2: Ball
3-2: Strikes out looking
Batting: RHB Thad Lane 0-0: Ball
1-0: Called Strike
1-1: SINGLE (Groundball, 4MD, EV 98.1 MPH)
Batting: LHB Tony Cardoza 0-0: Called Strike
0-1: 2-RUN HOME RUN (Flyball, 7D, EV 93.1 MPH), Distance : 353 ft
Batting: RHB Héctor López 0-0: Ball
1-0: Ground out 5-3 (Groundball, 56, EV 76.3 MPH)
Batting: RHB Alfredo Araújo 0-0: Foul Ball, location: 23F
0-1: Ground out 4-3 (Groundball, 4S, EV 78.8 MPH)
Bottom of the 4th over - 2 runs, 2 hits, 0 errors, 0 left on base; Salt Lake 3 - Sugar Land 2
TOP OF THE 5TH
Salt Lake Bees batting - Pitching for Sugar Land Skeeters : RHP Ismael Rivera
Batting: RHB António Gaona 0-0: Ball
1-0: Ground out 5-3 (Groundball, 5, EV 83.1 MPH)
Batting: RHB Phil Howard 0-0: Ground out U3 (Groundball, 3S, EV 62.5 MPH)
Batting: LHB Randy O'Day 0-0: Called Strike
0-1: Ball
1-1: Ball
2-1: Ball
3-1: Called Strike
3-2: Foul Ball, location: 9LMF
3-2: Ground out U3 (Groundball, 3S, EV 74.4 MPH)
Top of the 5th over - 0 runs, 0 hits, 0 errors, 0 left on base; Salt Lake 3 - Sugar Land 2
BOTTOM OF THE 5TH
Sugar Land Skeeters batting - Pitching for Salt Lake Bees : RHP Claude Perry
Batting: LHB Jeff Poole 0-0: Called Strike
0-1: Swinging Strike
0-2: Ball
1-2: Strikes out swinging
Batting: RHB Sergio Verez 0-0: Ball
1-0: Ground out 6-3 (Groundball, 6MS, EV 88.1 MPH)
Batting: LHB Jorge Garza 0-0: Called Strike
0-1: Ground out 5-3 (Groundball, 56, EV 66.3 MPH)
Bottom of the 5th over - 0 runs, 0 hits, 0 errors, 0 left on base; Salt Lake 3 - Sugar Land 2
TOP OF THE 6TH
Salt Lake Bees batting - Pitching for Sugar Land Skeeters : RHP Ismael Rivera
Batting: RHB Danny Dodds 0-0: SINGLE (Flyball, 5D, EV 83.8 MPH)
Batting: RHB Joe Poole 0-0: Called Strike
Danny Dodds is caught stealing 2nd base 2-4
0-1: Foul Ball, location: 2F
0-2: SINGLE (Line Drive, 9LM, EV 104.4 MPH)
Batting: LHB Dan Powers 0-0: Ball
1-0: Called Strike
1-1: Ball
2-1: Swinging Strike
2-2: Ball
3-2: Strikes out swinging
Joe Poole is caught stealing 2nd base 2-6
Batter strikes out.
Top of the 6th over - 0 runs, 2 hits, 0 errors, 0 left on base; Salt Lake 3 - Sugar Land 2
BOTTOM OF THE 6TH
Sugar Land Skeeters batting - Pitching for Salt Lake Bees : RHP Claude Perry
Batting: SHB Tomás Martínez 0-0: Foul Ball, location: 3FF
0-1: Ball
1-1: Ball
2-1: Fly out, F7 (Flyball, 78S, EV 85.6 MPH)
Batting: LHB Phil Rose 0-0: Ball
1-0: Called Strike
1-1: Ball
2-1: Swinging Strike
2-2: Foul Ball, location: 9LMF
2-2: Ball
3-2: Foul Ball, location: 9LMF
3-2: SOLO HOME RUN (Flyball, 78XD, EV 98.8 MPH), Distance : 380 ft
Batting: RHB Thad Lane 0-0: Called Strike
0-1: Ball
1-1: Foul Ball, location: 2F
1-2: Fly out, F8 (Flyball, 78M, EV 93.8 MPH)
Batting: LHB Tony Cardoza 0-0: Foul Ball, location: 3F
0-1: Ground out U3 (Groundball, 3, EV 83.1 MPH)
Bottom of the 6th over - 1 run, 1 hit, 0 errors, 0 left on base; Salt Lake 3 - Sugar Land 3
TOP OF THE 7TH
Salt Lake Bees batting - Pitching for Sugar Land Skeeters : RHP Ismael Rivera
Batting: RHB António Martínez 0-0: Called Strike
0-1: Ball
1-1: Foul Ball, location: 2F
1-2: Ball
2-2: Ball
3-2: Strikes out swinging
Batting: LHB Joe Taylor 0-0: Called Strike
0-1: Ball
1-1: Ground out U3 (Groundball, 34S, EV 86.9 MPH)
Batting: LHB Chris Smith 0-0: Ball
1-0: Called Strike
1-1: Ball
2-1: Foul Ball, location: 5F
2-2: Ball
3-2: Ground out U3 (Groundball, 3L, EV 108.1 MPH)
Top of the 7th over - 0 runs, 0 hits, 0 errors, 0 left on base; Salt Lake 3 - Sugar Land 3
BOTTOM OF THE 7TH
Sugar Land Skeeters batting - Pitching for Salt Lake Bees : RHP Claude Perry
Batting: RHB Héctor López 0-0: Ball
1-0: Swinging Strike
1-1: SINGLE (Line Drive, 7LS, EV 103.1 MPH)
Batting: RHB Alfredo Araújo 0-0: Bunted foul
0-1: Sac Bunt to 13 - play at first, batter safe!
Héctor López to second
Batting: LHB Jeff Poole 0-0: Ball
1-0: Fly out, F9 (Flyball, 9D, EV 107.5 MPH)
Runner from 2nd tags up, SAFE at 3rd, no throw by RF
Batting: RHB Sergio Verez 0-0: Called Strike
0-1: Foul Ball, location: 9LDF
0-2: SINGLE (Groundball, 15, EV 61.3 MPH) (infield hit)
Alfredo Araújo to second
Batting: LHB Jorge Garza 0-0: Ball
1-0: Called Strike
1-1: Foul Ball, location: 2F
1-2: Foul Ball, location: 25F
1-2: Ball
2-2: Strikes out swinging
Batting: SHB Tomás Martínez 0-0: Ball
1-0: Called Strike
1-1: Foul Ball, location: 2F
1-2: Strikes out swinging
Bottom of the 7th over - 0 runs, 3 hits, 0 errors, 3 left on base; Salt Lake 3 - Sugar Land 3
TOP OF THE 8TH
Salt Lake Bees batting - Pitching for Sugar Land Skeeters : RHP Ismael Rivera
DELAY Rain delay of 52 minutes in the 8th inning.
Pitching: LHP Danny Humphrey
Pinch Hitting: LHB Raúl Vásquez 0-0: Swinging Strike
0-1: Called Strike
0-2: Ground out 3-1 (Groundball, 34S, EV 81.9 MPH)
Batting: RHB Phil Howard 0-0: Called Strike
0-1: Swinging Strike
0-2: Strikes out swinging
Pinch Hitting: RHB Jorge Domínguez 0-0: Ball
1-0: Foul Ball, location: 2F
1-1: Foul Ball, location: 2F
1-2: SINGLE (Line Drive, 4D, EV 101.9 MPH)
Batting: RHB Danny Dodds 0-0: Called Strike
0-1: Ball
1-1: SINGLE (Line Drive, 34, EV 95.0 MPH)
Jorge Domínguez to second
Runner from 2nd tries for 3rd, SAFE, throw by RF made to third
Batting: RHB Joe Poole 0-0: Called Strike
0-1: Foul Ball, location: 2F
0-2: Ball
1-2: Foul Ball, location: 9LSF
1-2: Ball
2-2: Foul Ball, location: 2LF
2-2: Fielders Choice at 2nd, 6-4 (Groundball, 6, EV 107.5 MPH)
Top of the 8th over - 0 runs, 2 hits, 0 errors, 2 left on base; Salt Lake 3 - Sugar Land 3
BOTTOM OF THE 8TH
Sugar Land Skeeters batting - Pitching for Salt Lake Bees : RHP Claude Perry
Pitching: RHP Andy Dunn
Now at C: Kevin Glover
Now in CF: Beau Jones
Batting: LHB Phil Rose 0-0: Ball
1-0: Ball
2-0: Called Strike
2-1: Called Strike
2-2: Strikes out swinging
Batting: RHB Thad Lane 0-0: Ball
1-0: Ball
2-0: Foul Ball, location: 25FF
2-1: Ball
3-1: Foul Ball, location: 2F
3-2: Foul Ball, location: 9LMF
3-2: Strikes out swinging
Batting: LHB Tony Cardoza 0-0: Ball
1-0: Swinging Strike
1-1: Ground out U3 (Groundball, 3L, EV 105.0 MPH)
Bottom of the 8th over - 0 runs, 0 hits, 0 errors, 0 left on base; Salt Lake 3 - Sugar Land 3
TOP OF THE 9TH
Salt Lake Bees batting - Pitching for Sugar Land Skeeters : LHP Danny Humphrey
Pinch Hitting: RHB Max Sowerby 0-0: Fly out, F7 (Flyball, 7LD, EV 105.0 MPH)
Batting: RHB António Martínez 0-0: Ball
1-0: Ball
2-0: Ball
3-0: Called Strike
3-1: Foul Ball, location: 2RF
3-2: Base on Balls
Pinch Hitting: RHB David Pacheco 0-0: Called Strike
0-1: Foul Ball, location: 2F
0-2: Foul Ball, location: 23FF
0-2: Ball
1-2: Strikes out looking
Batting: LHB Chris Smith 0-0: Ball
1-0: Ball
2-0: Fly out, F9 (Flyball, 89M, EV 90.6 MPH)
Top of the 9th over - 0 runs, 0 hits, 0 errors, 1 left on base; Salt Lake 3 - Sugar Land 3
BOTTOM OF THE 9TH
Sugar Land Skeeters batting - Pitching for Salt Lake Bees : RHP Andy Dunn
Now in LF: António Morales
Now in RF: Max Sowerby
Pinch Hitting: LHB Jeremy Edwards 0-0: Called Strike
0-1: Swinging Strike
0-2: Strikes out swinging
Pinch Hitting: RHB Toichi Otsuka 0-0: Ball
1-0: SINGLE (Line Drive, 89S, EV 91.9 MPH)
Batting: LHB Jeff Poole 0-0: Ball
1-0: Sac Bunt to 2L - play at first, batter OUT! 2-3
Toichi Otsuka to second
Batting: RHB Sergio Verez 0-0: Ball
1-0: Ball
2-0: Foul Ball, location: 5F
Balk!
Toichi Otsuka to third
2-1: Ball
3-1: Swinging Strike
3-2: Base on Balls
Batting: LHB Jorge Garza 0-0: Called Strike
0-1: Swinging Strike
0-2: Ball
1-2: Foul Ball, location: 2F
1-2: Strikes out swinging
Bottom of the 9th over - 0 runs, 1 hit, 0 errors, 2 left on base; Salt Lake 3 - Sugar Land 3
TOP OF THE 10TH
Salt Lake Bees batting - Pitching for Sugar Land Skeeters : LHP Danny Humphrey
Pitching: RHP Tsurayuki Uenohara
Now at 3B: Bob Flynn
Now at SS: Baden Jiang
Batting: RHB Beau Jones 0-0: Ball
1-0: Called Strike
1-1: Foul Ball, location: 2F
1-2: Ball
2-2: Ball
3-2: SINGLE (Groundball, 15, EV 69.4 MPH) (infield hit)
Batting: RHB Phil Howard 0-0: Sac Bunt to 25 - play at first, batter OUT! 5-3
Beau Jones to second
Batting: RHB Kevin Glover 0-0: Ball
1-0: Called Strike
1-1: Called Strike
1-2: Foul Ball, location: 9LDF
1-2: Ball
2-2: Ball
3-2: Ground out 4-3 (Groundball, 4, EV 108.8 MPH)
Beau Jones to third
Batting: RHB Danny Dodds 0-0: Fly out, F3 (Popup, 3SF, EV 68.8 MPH)
Top of the 10th over - 0 runs, 1 hit, 0 errors, 1 left on base; Salt Lake 3 - Sugar Land 3
BOTTOM OF THE 10TH
Sugar Land Skeeters batting - Pitching for Salt Lake Bees : RHP Andy Dunn
Pitching: RHP Jonathan Miller
Batting: SHB Tomás Martínez 0-0: Fly out, F7 (Line Drive, 78D, EV 91.9 MPH)
Batting: LHB Phil Rose 0-0: Swinging Strike
0-1: Ball
1-1: SOLO HOME RUN (Flyball, 7D, EV 96.3 MPH), Distance : 360 ft
Bottom of the 10th over - 1 run, 1 hit, 0 errors, 0 left on base; Salt Lake 3 - Sugar Land 4
Friday, May 3rd , 2024 - OOTP Baseball 24.10 Build 82